 Dungeon Crawl Stone Soup version 0.31.0-32-g396128a36d (webtiles) character file.

Game seed: 14220635194841531536

12096 flestrin the Fighter (level 11, -5/96 HPs)
             Began as a Demonspawn Shapeshifter on Apr 14, 2024.
             Was an Initiate of Gozag.
             Slain by a meliai (shapeshifter) (8 damage)
             ... on level 10 of the Dungeon on Apr 15, 2024.
             The game lasted 00:34:01 (10872 turns).

flestrin the Fighter (Demonspawn Shapeshifter)     Turns: 10872, Time: 00:34:02

Health: -5/96      AC:  2    Str: 18    XL:     11   Next: 58%
Magic:  11/11      EV: 16    Int: 11    God:    Gozag
Gold:   1205       SH:  0    Dex: 16    Spells: 10/10 levels left

rFire   . . .        g - melded +3 dagger
rCold   + + .        (shield currently unavailable)
rNeg    . . .        o - melded +4 scale mail {rF+}
rPois   .            (no helmet)
rElec   .            (no cloak)
rCorr   .            (no gloves)
SInv    +            (no boots)
Will    .....        J - amulet "Apsocew" {Rampage rC++ Regen+ Dex+3 Stlth+}
Stlth   +            z - ring of see invisible
HPRegen 1.16/turn    n - +4 ring of slaying
MPRegen 0.12/turn

%: rampage
@: flux-form, glowing
A: glow, contaminating, icy blue scales 1, icemail 2, powered by pain 1,
condensation shield, demonic touch 1
a: Begin Untransformation, Renounce Religion, Potion Petition, Call Merchant,
Bribe Branch


You were on level 10 of the Dungeon.
You worshipped Gozag.
Gozag was most pleased with you.
You were something dangerously unstable.
You visited 2 branches of the dungeon, and saw 11 of its levels.

You collected 2022 gold pieces.
You spent 744 gold pieces at shops.
You paid 73 gold pieces to Gozag.

Inventory:

Hand Weapons
 g - a +3 dagger (melded)
Armour
 o - a +4 scale mail of fire resistance (melded)
Jewellery
 l - a ring of willpower
 n - a +4 ring of slaying (right hand)
 w - a +6 ring of dexterity
 z - a ring of see invisible (left hand)
 A - a +4 ring of protection
 H - a ring of flight
 J - the amulet "Apsocew" (around neck) {Rampage rC++ Regen+ Dex+3 Stlth+}
   (You bought it in a shop on level 5 of the Dungeon)

   [amulet of regeneration]

   Dex+3:     It affects your dexterity (+3).
   rC++:      It greatly protects you from cold.
   Regen+:    It increases your rate of health regeneration.
   Rampage:   It bestows one free step when moving towards enemies.
   Stlth+:    It makes you more stealthy.
Talismans
 c - a beast talisman
 d - a flux talisman (active)
Wands
 x - a wand of digging (3)
 y - a wand of flame (16)
 F - a wand of mindburst (14)
Scrolls
 a - a scroll of enchant weapon
 b - 3 scrolls of amnesia
 e - 4 scrolls of blinking
 f - a scroll of butterflies
 h - 3 scrolls of teleportation
 p - 2 scrolls of noise
 r - a scroll of brand weapon
 s - a scroll of fear
 t - 2 scrolls of immolation
 C - a scroll of poison {unknown}
 D - 3 scrolls of identify
 K - a scroll of fog {unknown}
Potions
 i - a potion of ambrosia {unknown}
 j - 6 potions of curing
 k - a potion of haste
 m - a potion of attraction {unknown}
 q - 2 potions of brilliance
 u - 4 potions of heal wounds {unknown}
 v - 2 potions of berserk rage {unknown}
 B - a potion of enlightenment {unknown}
 E - a potion of magic {unknown}
 G - 2 potions of mutation {unknown}
 I - a potion of degeneration {unknown}
Miscellaneous
 L - a sack of spiders


   Skills:
 + Level 12.5 Fighting
 - Level 1.7 Dodging
 + Level 6.2 Unarmed Combat
 + Level 10.9 Shapeshifting


You had 10 spell levels left.
You didn't know any spells.
Your spell library contained the following spells:

 Spells                   Type           Power      Damage    Failure   Level
 Summon Small Mammal      Summ           0%         N/A       34%         1
 Call Canine Familiar     Summ           0%         N/A       71%         3
 Summon Blazeheart Golem  Fire/Summ      0%         N/A       98%         4


Dungeon Overview and Level Annotations

Branches:
Dungeon (10/15)            Temple (1/1) D:4            Lair (0/5) D:8
    Orc: D:9-12

Altars:
Ashenzari
Cheibriados
Fedhas
Gozag
Hepliaklqana
Kikubaaqudgha
Makhleb
Nemelex Xobeh
Okawaru
Qazlal
Ru
Sif Muna
Trog
Uskayaw
Vehumet
Wu Jian
Xom
Yredelemnul

Shops:
D:4 (   D:5 =*[*[?[?=   D:6 *   D:8 (

Annotations:
D:10 exclusions: gargoyle and 2 two-headed ogres


Innate Abilities, Weirdness & Mutations

You are something dangerously unstable.
You glow with magical radiation, making you easy to see and hit.
Foes you strike become dangerously contaminated with magical radiation.
You are incapable of wielding weapons or throwing items.
You are partially covered in icy blue scales. (AC +2)
A meltable icy envelope protects you from harm. (AC +0)
You sometimes gain a little power by taking damage.
A meltable shield of frost defends you. (SH +0)
Your touch may inflict minor irresistible damage on your foes.


Message History

You are engulfed in flames.
The fire bat bites you.
You are engulfed in flames!
The gnoll attacks as it pursues you! The gnoll hits you with a +0 club.
The fire bat changes into a shapeshifter!
The gnoll attacks as it pursues you! The gnoll barely misses you.
The shapeshifter changes into a hog!
The two-headed ogre hits you with a +0 giant club.
The two-headed ogre misses you.
The hog changes into a meliai!
The meliai hits you!
The meliai stings you but does no damage.
The meliai attacks as it pursues you! The meliai barely misses you. x2
The meliai hits you! The meliai stings you! The meliai hits you.
The meliai closely misses you. The meliai barely misses you.
The meliai closely misses you. The meliai attacks as it pursues you!
The meliai barely misses you.
The meliai stings you but does no damage.
The meliai completely misses you. The meliai stings you! The meliai hits you!
* * * LOW HITPOINT WARNING * * *
The meliai closely misses you. The meliai attacks as it pursues you!
The meliai hits you.
* * * LOW HITPOINT WARNING * * *
The meliai closely misses you. The meliai hits you!
* * * LOW HITPOINT WARNING * * *
The meliai stings you!
* * * LOW HITPOINT WARNING * * *
You are lethally poisoned!
The meliai poisons you!
You feel better. The meliai hits you.
* * * LOW HITPOINT WARNING * * *
The meliai closely misses you. The meliai barely misses you.
The meliai stings you.
* * * LOW HITPOINT WARNING * * *
Blink to where?
Press: ? - help, Dir - move target
As you read the scroll of blinking, it crumbles to dust.
The meliai barely misses you. The meliai stings you!
You die...
Your body crumbles into a pile of gold.

.................................
.###.#######...########..######..
.###....####...# #..# #....
.#...^....##...# #..# ##....
...........#...# #..###...#≈
...............# #..##....#≈
...............########.)##.#.##≈
.......^...^.........[..))....#≈≈
.^.....^..^.....p..########...≈≈#
.....^^.....^...y..# #.).~#≈
^.^.........^...g..# #....#≈
...^..^....^.....§.# #....~#
^...^.............O# #......
...................########......
.................................
#................................
##....#############..############


You could see a two-headed ogre, a meliai shaped shifter and a gnoll.

Vanquished Creatures
  An ogre mage (D:10)
  2 two-headed ogres (D:10)
  Erica (D:9)
  Pikel (D:6)
  2 ugly things (D:10)
  A gargoyle (D:10)
  2 unseen horror zombies (D:9)
  A queen bee (shapeshifter) (D:10)
  A troll (D:9)
  Grinder (D:3)
  Prince Ribbit (D:5)
  A wraith (D:9)
  6 yaks
  A wyvern (D:10)
  4 vampire mosquitoes (D:10)
  Eustachio (D:5)
  A water moccasin (D:4)
  An acid dragon (D:9)
  Duvessa (D:6)
  4 orc warriors
  3 ice beasts
  3 black bears
  A sky beast (shapeshifter) (D:10)
  2 wolves (D:8)
  A lemure (D:6)
  3 centaurs
  3 kobold brigands
  4 scorpions
  2 bullfrogs (D:7)
  A gnoll sergeant (D:7)
  3 wyvern zombies
  14 wights
  Dowan (D:6)
  10 killer bees
  4 howler monkeys
  A bombardier beetle (D:7)
  A centaur zombie (D:9)
  A jelly (D:6)
  3 hounds
  3 gnoll boudas (D:10)
  4 orc priests
  6 iguanas
  Natasha (thrice) (D:3)
  5 orc wizards
  Terence (D:3)
  A killer bee zombie (D:9)
  A howler monkey zombie (D:9)
  15 gnolls
  7 adders
  2 shadow imps
  A white imp (D:5)
  3 ribbon worms
  43 orcs
  7 endoplasms
  6 giant cockroaches
  6 goblins
  3 hobgoblins
  7 jackals
  17 kobolds
  4 quokkas
  10 ball pythons
  10 bats
  4 frilled lizards
  3 rats
267 creatures vanquished.

Notes
Turn   | Place    | Note
-------+----------+-------------------------------------------
     0 | D:1      | flestrin the Demonspawn Shapeshifter began the quest for
                  | the Orb.
     0 | D:1      | Reached XP level 1. HP: 15/15 MP: 1/1
   369 | D:1      | Gained mutation: Your touch may inflict minor irresistible
                  | damage on your foes. [demonic ancestry]
   369 | D:1      | Reached XP level 2. HP: 20/21 MP: 2/2
   651 | D:1      | Reached skill level 2 in Fighting
  1081 | D:2      | Reached XP level 3. HP: 27/27 MP: 3/3
  1623 | D:3      | Gained mutation: A meltable shield of frost defends you.
                  | (SH +0) [demonic ancestry]
  1623 | D:3      | Reached XP level 4. HP: 32/34 MP: 4/4
  1717 | D:3      | Noticed Terence
  1724 | D:3      | Killed Terence
  1725 | D:3      | Reached skill level 3 in Fighting
  1773 | D:3      | Noticed Natasha
  1781 | D:3      | Killed Natasha
  1881 | D:3      | Noticed Grinder
  1920 | D:3      | Gained mutation: A meltable icy envelope protects you from
                  | harm. (AC +0) [demonic ancestry]
  1920 | D:3      | Reached XP level 5. HP: 7/41 MP: 5/5
  2189 | D:3      | Paralysed by Grinder for 4 turns
  2199 | D:3      | Paralysed by Grinder for 5 turns
  2212 | D:3      | Killed Grinder
  2213 | D:3      | Reached skill level 4 in Fighting
  2213 | D:3      | Reached XP level 6. HP: 10/49 MP: 6/6
  2695 | D:3      | Noticed Natasha
  2702 | D:3      | Killed Natasha
  2775 | D:3      | Noticed Natasha
  2785 | D:3      | Killed Natasha
  2904 | D:3      | Reached skill level 5 in Fighting
  2904 | D:3      | Reached skill level 5 in Shapeshifting
  3058 | D:3      | Reached XP level 7. HP: 50/56 MP: 7/7
  3512 | D:4      | Found Qoz Obreg's Antique Weapon Boutique.
  3727 | D:4      | Found a staircase to the Ecumenical Temple.
  3740 | Temple   | Entered the Ecumenical Temple
  3758 | Temple   | Became a worshipper of Gozag Ym Sagoz the Greedy
  3894 | D:5      | Entered Level 5 of the Dungeon
  3894 | D:5      | Found Uxtafe's Armour Shop.
  3906 | D:5      | Noticed a yak
  3906 | D:5      | Noticed a yak
  3915 | D:5      | Noticed a yak
  3931 | D:4      | Killed a yak
  3940 | D:4      | Killed a yak
  3941 | D:4      | Reached skill level 6 in Fighting
  4155 | D:4      | Killed a yak
  4156 | D:4      | Reached XP level 8. HP: 57/65 MP: 8/8
  4211 | D:5      | Found Gaaroifi's Magic Scroll Shop.
  4247 | D:4      | Reached skill level 7 in Fighting
  4461 | D:5      | Found Fing's Jewellery Boutique.
  4480 | D:5      | Bought a scroll of identify for 28 gold pieces
  4480 | D:5      | Bought a scroll of identify for 28 gold pieces
  4510 | D:5      | Found Gyosoad's Jewellery Boutique.
  4554 | D:5      | Found Lius's Magic Scroll Shoppe.
  4559 | D:5      | Noticed Prince Ribbit
  4577 | D:5      | Killed Prince Ribbit
  4594 | D:5      | Bought a scroll of identify for 26 gold pieces
  4594 | D:5      | Bought a scroll of identify for 26 gold pieces
  4816 | D:5      | Noticed Eustachio
  4828 | D:5      | Killed Eustachio
  4834 | D:5      | Reached skill level 8 in Fighting
  4897 | D:5      | Gained mutation: You are partially covered in icy blue
                  | scales. (AC +2) [demonic ancestry]
  4897 | D:5      | Reached XP level 9. HP: 54/75 MP: 9/9
  5096 | D:5      | Found Vutsog's General Store.
  5101 | D:5      | Found Usum Wup's Assorted Antiques.
  5101 | D:5      | Found Niwuev's Antique Armour Shop.
  5105 | D:5      | Found Pacwe's Antique Armour Shop.
  5472 | D:6      | Noticed Pikel
  5500 | D:6      | Killed Pikel
  5501 | D:6      | Reached skill level 9 in Fighting
  5703 | D:6      | Noticed Duvessa
  5703 | D:6      | Noticed Dowan
  5724 | D:6      | Killed Duvessa
  5732 | D:6      | Killed Dowan
  5894 | D:6      | Found Ylinujiu's General Store.
  6575 | D:7      | Reached skill level 10 in Fighting
  6720 | D:7      | Gained mutation: You sometimes gain a little power by
                  | taking damage. [demonic ancestry]
  6720 | D:7      | Reached XP level 10. HP: 74/85 MP: 10/10
  7530 | D:8      | Found a staircase to the Lair.
  8252 | D:5      | Bought the amulet "Apsocew" {Rampage rC++ Regen+ Dex+3
                  | Stlth+} for 636 gold pieces
  8314 | D:8      | Found Qeadicur's Weapon Boutique.
  8837 | D:9      | Noticed Erica
  8854 | D:9      | Killed Erica
  8855 | D:9      | Reached skill level 11 in Fighting
  8969 | D:9      | Reached skill level 10 in Shapeshifting
  9321 | D:10     | Entered Level 10 of the Dungeon
  9738 | D:10     | Gained mutation: A meltable icy envelope protects you from
                  | harm. (AC +0) [demonic ancestry]
  9738 | D:10     | Reached XP level 11. HP: 95/95 MP: 11/11
  9949 | D:10     | Noticed a two-headed ogre
  9966 | D:10     | Noticed a two-headed ogre
 10078 | D:10     | Noticed a two-headed ogre
 10097 | D:10     | Killed a two-headed ogre
 10100 | D:10     | Reached skill level 5 in Unarmed Combat
 10150 | D:10     | Reached skill level 12 in Fighting
 10258 | D:10     | Noticed a two-headed ogre
 10268 | D:10     | Killed a two-headed ogre
 10330 | D:10     | Noticed a cyan ugly thing
 10341 | D:10     | Noticed a cyan ugly thing
 10426 | D:10     | Noticed a fire crab
 10431 | D:10     | a fire crab changed into a queen bee
 10485 | D:10     | Noticed a brown ugly thing
 10511 | D:10     | Killed a green ugly thing
 10526 | D:10     | Killed a red ugly thing
 10594 | D:10     | Noticed an ogre mage
 10629 | D:10     | Killed an ogre mage
 10749 | D:10     | Noticed a two-headed ogre
 10869 | D:10     | HP: 3/96 [meliai (shapeshifter) (10)]
 10870 | D:10     | HP: 1/96 [meliai (shapeshifter) (4)]
 10872 | D:10     | Slain by a meliai (shapeshifter)

Illustrated notes

Levels and vault maps discovered:
D:1:      dpeg_arrival_tiny_c, layout_loops_ring, minivault_19
D:2:      layout_rooms
D:3:      layout_loops_ring, kennysheep_potato, uniq_terence, uniq_natasha,
          uniq_grinder
D:4:      layout_loops_ring, minmay_temple_entry_wispy, serial_shops,
          nicolae_shop_statue_plus, minmay_circle_x
D:5:      layout_basic, serial_shops, nicolae_shop_crystal, shop, shop, shop,
          shop, minmay_shop_grid_forest, uniq_prince_ribbit1, uniq_eustachio
D:6:      layout_loops_corners, serial_shops, shop, uniq_duvessa, uniq_pikel
D:7:      layout_rooms, chequers_serial_rivers_large_a
D:8:      layout_basic, erik_lair_orcish_takeover, supply_closet_lemuel,
          nicolae_stop_n_shop_1
D:9:      layout_basic, serial_undead, serial_undead_a, serial_undead_c,
          serial_undead_f, serial_undead_f, uniq_erica
D:10:     regret_index_malice_mire, layout_long_grid, lemuel_tele_altar,
          grunt_ministairs_7, minivault_4, minmay_holes
Temple:   roderic_octagonal_lattice_temple

Skill      XL: |  1  2  3  4  5  6  7  8  9 10 11 |
---------------+----------------------------------+-----
Shapeshifting  | 3 4 5 6 7 9 10 | 10.9
Fighting       | 2 3 4 5 6 8 10 11 12 | 12.5
Unarmed Combat | 4 6 |  6.2
Dodging        | |  1.7

Action                     |  1- 3 |  4- 6 |  7- 9 | 10-12 || total
---------------------------+-------+-------+-------+-------++-------
  Melee: Unarmed           |    22 |       |       |   187 ||   209
         Dagger            |    90 |   116 |   282 |   216 ||   704
         Punch             |     4 |     3 |     6 |     5 ||    18
         Touch             |     8 |    20 |    61 |    91 ||   180
    Use: Potion            |       |     3 |     1 |     3 ||     7
         Scroll            |       |       |    10 |     3 ||    13
   Stab: Sleeping          |     1 |       |       |       ||     1
         Distracted        |       |       |     1 |     6 ||     7
 Armour: Animal skin       |    52 |     4 |       |       ||    56
         Skin              |       |    41 |       |   101 ||   142
         Scale mail        |       |    59 |   175 |   159 ||   393
  Dodge: Dodged            |    69 |    62 |   104 |   252 ||   487
  Block: Other             |       |    22 |    48 |    63 ||   133
   Form: Flux              |       |       |       |     1 ||     1
